 Dungeon Crawl Stone Soup version 0.22-a0-479-gc6e99f3 (webtiles) character file.

5 saradell the Vexing (level 1, 0/19 HPs)
             Began as an Ogre Arcane Marksman on June 14, 2018.
             Succumbed to a kobold's poison
             ... on level 1 of the Dungeon.
             The game lasted 00:04:09 (124 turns).

saradell the Vexing (Ogre Arcane Marksman)           Turns: 124, Time: 00:04:10

Health: 0/19       AC:  3    Str: 13    XL:     1   Next: 80%
Magic:  2/2        EV: 10    Int: 14    God:
Gold:   0          SH:  0    Dex:  9    Spells: 1/2 levels left

rFire    . . .     SeeInvis .   a - +0 hunting sling
rCold    . . .     Gourm    .   (no shield)
rNeg     . . .     Faith    .   e - +0 robe
rPois    .         Spirit   .   (helmet restricted)
rElec    .         Reflect  .   (no cloak)
rCorr    .         Harm     .   (gloves unavailable)
MR       .....                  (boots unavailable)
Stlth    +.........             (no amulet)
HPRegen  0.06/turn              (no ring)
MPRegen  0.08/turn              (no ring)

@: lethally poisoned (0 -> -8)
A: large, unfitting armour, tough skin 1
a: no special abilities


You were on level 1 of the Dungeon.
You were not hungry.

You visited 1 branch of the dungeon, and saw 1 of its levels.

Inventory:

Hand Weapons
 a - a +0 hunting sling (weapon)
Missiles
 b - 2 stones
 d - 12 sling bullets (quivered)
Armour
 e - a +0 robe (worn)
Comestibles
 f - a ration


   Skills:
 + Level 1.3 Fighting
 + Level 1.4 Slings
 + Level 1.9 Dodging
 + Level 1.2 Spellcasting
 + Level 2.9 Hexes


You had one spell level left.
You knew the following spells:

 Your Spells              Type           Power        Failure   Level  Hunger
a - Corona                Hex            #......      8%          1    ##.....

Your spell library contained the following spells:

 Spells                   Type           Power        Failure   Level  Hunger
 Cause Fear               Hex            #.........   58%         4    #####..
 Slow                     Hex            #.......     12%         2    ###....
 Portal Projectile        Hex/Tloc       #.....       38%         3    ####...
 Leda's Liquefaction      Hex/Erth       #.........   80%         4    #####..
 Inner Flame              Hex/Fire       #.......     38%         3    ####...


Dungeon Overview and Level Annotations

Branches:
Dungeon (1/15)

Altars:


Innate Abilities, Weirdness & Mutations

You are too large for most types of armour.
You have tough skin. (AC +1)


Message History

You kill the rat!
You feel sick. The kobold barely misses you.
You are too injured to fight recklessly!
You are too injured to fight recklessly!
You feel sick.
You see here a bat corpse.
You feel sick.
You feel sick.
* * * LOW HITPOINT WARNING * * *
You feel sick.
* * * LOW HITPOINT WARNING * * *
You feel sick.
* * * LOW HITPOINT WARNING * * *
You feel sick.
* * * LOW HITPOINT WARNING * * *
You feel sick.
Found 9 gold pieces.
* * * LOW HITPOINT WARNING * * *
You feel sick.
You die...

#..... #.... #.... .........
..$ ######## #........ ...
####†..##.. #.......# #.#
#....#..... #....... #.#
#.####.###. ...(... ##@# ##.#
#.# #. . ##....# #..# #..# #.#
#. ...##.....## #K######.## #.#
#. #.....##..# #.#......# #.#
##
#(..(.†..####r#.##########.####
#..#..###..r.....# #..........
#... #.........# #..###.#####
..((# #.....†...# #. ##≈#.#≈###
###.# #.........# ##≈P≈≈≈P≈##


You could see a kobold and a rat.

Vanquished Creatures
  A goblin (D:1)
  A hobgoblin (D:1)
  2 bats (D:1)
  A kobold (D:1)
  A rat (D:1)
6 creatures vanquished.

Notes
Turn   | Place    | Note
-------+----------+-------------------------------------------
     0 | D:1      | saradell the Ogre Arcane Marksman began the quest for the Orb.
     0 | D:1      | Reached XP level 1. HP: 19/19 MP: 2/2
   124 | D:1      | Succumbed to a kobold's poison

Vault maps used:
D:1:      ldierk_walled_garden_2, serial_aquarium, aquarium_bridge_square,
          aquarium_window_fake, aquarium_window_1, aquarium_window_1,
          aquarium_window_2, aquarium_view_2e

Action                   || total
-------------------------++-------
 Fire: Hunting sling     ||    18
Armor: Robe              ||     5
Dodge: Dodged            ||     8

Table legend:
 A = Spawn XP
 B = Non-spawn XP
 C = Spawn XP percentage of total XP
 D = Spawn monster count
 E = Non-spawn monster count
 F = Spawn count percentage of total count
 G = Total turns spent on level
                    A         B        C        D         E        F      G
               +---------+---------+-------+---------+---------+-------+---------
         Total |       0 |       8 |   0.0 |       0 |       6 |   0.0 |   124
               +---------+---------+-------+---------+---------+-------+---------
           D:1 |       0 |       8 |   0.0 |       0 |       6 |   0.0 |   124
               +---------+---------+-------+---------+---------+-------+---------
